 Dungeon Crawl Stone Soup version 0.19-a0-1834-g6b7851e (webtiles) character file.

706 graki42 the Slinger (level 8, -5/52 HPs)
             Began as a Halfling Hunter on Oct 9, 2016.
             Slain by an orc warrior
             ... wielding a +0 mace
              (7 damage)
             ... on level 4 of the Dungeon.
             The game lasted 00:20:10 (4431 turns).

graki42 the Slinger (Halfling Hunter)               Turns: 4431, Time: 00:20:11

Health: -5/52      AC: 12    Str: 13    XL:     8   Next: 0%
Magic:  8/8        EV: 15    Int:  9    God:
Gold:   241        SH:  0    Dex: 17    Spells: 0 memorised, 7 levels left

rFire  + . .     SeeInvis .     b - +0 short sword
rCold  . . .     Gourm    .     I - +1 ring mail {rN+}
rNeg   + . .     Faith    .     (shield restricted)
rPois  .         Spirit   .     (no helmet)
rElec  .         Dismiss  .     m - +0 cloak
rCorr  .         Reflect  .     (no gloves)
MR     .....     Harm     .     s - +0 pair of boots
Stlth  +.........               (no amulet)
                                n - +4 ring of protection
                                u - ring of protection from fire

@: no status effects
A: mutation resistance 1
a: no special abilities


You were on level 4 of the Dungeon.
You were hungry.

You visited 1 branch of the dungeon, and saw 5 of its levels.
You also visited: Sewer.

You collected 241 gold pieces.

Inventory:

Hand Weapons
 a - a +1 hunting sling
 b - a +0 short sword (weapon)
Missiles
 d - 16 sling bullets
 g - 105 stones (quivered)
Armour
 m - a +0 cloak (worn)
 s - a +0 pair of boots (worn)
 I - a +1 ring mail of positive energy (worn)
Jewellery
 n - a +4 ring of protection (right hand)
 u - a ring of protection from fire (left hand)
Wands
 t - a wand of flame (15/48)
 C - a wand of polymorph (18/24)
Scrolls
 c - a scroll of amnesia {unknown}
 e - a scroll of identify
 i - a scroll of enchant armour {unknown}
 j - 2 scrolls of blinking {unknown}
 l - 2 scrolls of noise {unknown}
 o - 10 scrolls of fear
 v - a scroll of teleportation
 F - 2 scrolls of recharging {unknown}
Potions
 r - a potion of invisibility
 w - 2 potions of brilliance {unknown}
 x - a potion of lignification
 z - a potion of heal wounds
 B - 2 potions of might {unknown}
 D - 4 potions of curing {unknown}
 E - a potion of flight
 G - a potion of agility {unknown}
Comestibles
 f - 4 bread rations
 k - a beef jerky
 q - 5 meat rations


   Skills:
 + Level 3.4 Fighting
 + Level 2.7 Short Blades
 + Level 9.8 Slings
 + Level 2.9 Armour
 + Level 3.8 Dodging
 + Level 1.2 Stealth


You had 7 spell levels left.
You didn't know any spells.

Dungeon Overview and Level Annotations

Branches:
Dungeon (5/15)
 Temple: D:4-7

Altars:
Gozag


Innate Abilities, Weirdness & Mutations

You are small and have problems with some larger weapons.
You are somewhat resistant to further mutation.


Message History

Press: ? - help, Shift-Dir - straight line, f/p - orc warrior
Aim: an orc warrior, wielding a mace and wearing a chain mail (severely wounded)
You shoot a stone.
The stone closely misses the orc warrior.
The orc hits you with a dagger.
* * * LOW HITPOINT WARNING * * *
The orc completely misses you. The orc warrior hits you with a mace!
* * * LOW HITPOINT WARNING * * *
Something hits you but does no damage.
Really attack while wielding your +1 hunting sling?
Okay, then.
Wield which item (- for none, * to show all)? (? for menu, Esc to quit)
b - a +0 short sword (weapon)
The orc hits you with a dagger.
* * * LOW HITPOINT WARNING * * *
You hit the orc warrior.
The orc warrior is severely wounded.
The orc completely misses you. Something hits you but does no damage.
The orc warrior hits you with a mace!
You die...

............................#
.<..........######.......>..###
.##########..#####............###
.###########.#.........(........#
.........###................#####
.#######..#..#.###...####.......#
.######........###...# #...###.#
.##.....###.....##((.# #..##
....##### #.###o@o..(####...##
#....######.# ##{o...#.......#
####....#...# #o.(..#.......>...
####.#.### #...[(........####
#...### #....##.......#
#.....####...###.......#
+.............#####.####
#..##.....(...# #.#
#.................# .#


You could see an orc warrior and 3 orcs.

Vanquished Creatures
  Edmund (D:5)
  A big kobold (Sewer)
  Blork the orc (D:5)
  A bullfrog (D:5)
  A centaur zombie (D:5)
  A hound (D:5)
  A jelly (D:5)
  Ijyb (D:3)
  A worker ant (D:4)
  A gnoll (D:3)
  10 adders
  A river rat (Sewer)
  An adder zombie (D:5)
  3 worms
  3 dart slugs
  6 leopard geckos
  8 orcs
  4 giant cockroaches
  11 hobgoblins
  11 jackals
  21 kobolds
  2 quokkas
  4 ball pythons
  7 bats
  6 frilled lizards
  9 goblins
  10 rats
  2 bushes (D:2)
  2 plants (D:2)
131 creatures vanquished.

Notes
Turn   | Place    | Note
-------+----------+-------------------------------------------
     0 | D:1      | graki42 the Halfling Hunter began the quest for the Orb.
     0 | D:1      | Reached XP level 1. HP: 14/14 MP: 1/1
   121 | D:1      | Reached skill level 6 in Slings
   189 | D:1      | Reached XP level 2. HP: 19/19 MP: 2/2
   529 | D:1      | Reached XP level 3. HP: 24/24 MP: 3/3
  1015 | D:2      | Reached skill level 7 in Slings
  1194 | D:2      | Reached XP level 4. HP: 29/29 MP: 4/4
  2123 | D:3      | Reached skill level 1 in Armour
  2212 | D:3      | Noticed Ijyb
  2258 | D:3      | Killed Ijyb
  2258 | D:3      | Reached XP level 5. HP: 21/35 MP: 5/5
  2341 | D:3      | Reached skill level 1 in Short Blades
  2580 | D:3      | Found a glowing drain.
  2591 | Sewer    | Entered a sewer
  2658 | Sewer    | Noticed a big kobold
  2693 | Sewer    | Killed a big kobold
  2693 | Sewer    | Reached skill level 8 in Slings
  2693 | Sewer    | Reached XP level 6. HP: 28/41 MP: 6/6
  3417 | D:4      | Noticed an orc warrior
  3431 | D:5      | Entered Level 5 of the Dungeon
  3442 | D:5      | Noticed Blork the orc
  3484 | D:5      | Reached XP level 7. HP: 4/46 MP: 7/7
  3659 | D:5      | Killed Blork the orc
  3879 | D:5      | Reached skill level 9 in Slings
  4000 | D:5      | Noticed Edmund
  4019 | D:5      | Killed Edmund
  4121 | D:5      | Found an opulent altar of Gozag.
  4400 | D:4      | Reached XP level 8. HP: 52/52 MP: 8/8
  4430 | D:4      | HP: 2/52 [orc/dagger (2)]
  4431 | D:4      | Slain by an orc warrior

Vault maps used:
D:1:      dpeg_arrival_water_fire
D:2:      first_bread, lexackson_kobold_supper
D:3:      kennysheep_big_flooded_room, portal_sewer_entry_d, uniq_iyjb
D:4:      minmay_overflow_temple_star_quad
D:5:      kennysheep_mini_moat, lemuel_coloured_pillars_altar,
          gammafunk_temple_overflow_pools, uniq_edmund, uniq_blork_the_orc
Sewer:    sewer_co_15_rooms

Skill      XL: |  1  2  3  4  5  6  7 |
---------------+----------------------+-----
Slings         | 6 7 8 9 |  9.8
Fighting       | 2 3 |  3.4
Armour         | 1 2 |  2.9
Dodging        | 3 |  3.8
Short Blades   | 1 2 |  2.7
Stealth        | |  1.2

Action                   |  1- 3 |  4- 6 |  7- 9 || total
-------------------------+-------+-------+-------++-------
Melee: Short sword       |     9 |   659 |    22 ||   690
 Fire: Hunting sling     |    87 |   172 |   111 ||   370
  Use: Scroll            |       |       |     7 ||     7
  Eat: Chunk             |     1 |     7 |     2 ||    10
       Beef jerky        |       |     1 |       ||     1
Armor: Leather armour    |     2 |    73 |    12 ||    87
       Ring mail         |       |       |    22 ||    22
Dodge: Dodged            |    10 |   193 |    62 ||   265
